Map: Ruins of Seras

Players

Sziky

  • Race: Zerg Zerg
  • League: Master

Myrault - Winner!

  • Race: Zerg Zerg
  • League: Master

VOD

Have the link to the VOD?

Description

Time

  • Played on: Nov. 18, 2015, 9:14 a.m.
  • Length: 5:45
Show
View Real Time Build Order
Export as new Build Order

Sziky Zerg 

Build Orders: Hatch First 

Get SALT Encoding   

  12  0:01  Drone  
  13  0:08  Drone  
  14  0:18  Overlord  
  14  0:36  Drone x3  
  17  0:59  Hatchery  
  17  1:01  Drone  
  17  1:04  Drone  
  18  1:09  Drone  
  19  1:22  Extractor  
  19  1:24  Spawning Pool  
  17  1:27  Drone  
  17  1:31  Drone  
  19  1:54  Hatchery  
  18  1:58  Drone x2  
  20  2:11  Queen  
  20  2:13  Zergling x2  
  23  2:21  Drone x2  
  25  2:26  Metabolic Boost  
  25  2:36  Queen  
  27  2:40  Zergling x2  
  28  3:03  Baneling Nest  
  28  3:05  Drone x2  
  28  3:08  Drone x2, Zergling x6  
  34  3:17  Overlord  
  34  3:27  Overlord  
  34  3:37  Drone x4  
  38  3:46  Queen  
  38  3:47  Baneling  
  38  3:48  Baneling x2  
  40  3:50  Zergling x8  
  44  3:56  Zergling x4  
  44  4:02  Zergling x4  
  44  4:03  Drone  
  44  4:05  Extractor  
  44  4:10  Drone x2  
  44  4:11  Drone  
  44  4:12  Drone  
  44  4:16  Drone  
  49  4:18  Overlord  
  49  4:29  Lair  
  49  4:37  Drone  
  49  4:38  Drone  
  51  4:39  Extractor  
  51  4:41  Zergling x6  
  51  4:42  Zergling x2  
  51  4:45  Drone x3  
  57  4:52  Spine Crawler  
  56  4:53  Spine Crawler  
  56  4:54  Baneling x3  
  56  4:55  Baneling  
  55  5:01  Baneling x3  
  55  5:02  Baneling x3  
  55  5:04  Zergling x2  
  57  5:07  Zergling x2  
  57  5:18  Zergling x2  
  57  5:19  Zergling x12  
  57  5:20  Zergling x2  
  52  5:22  Zergling x2  
  52  5:24  Zergling x2  
Show
View Real Time Build Order
Export as new Build Order

Myrault Zerg - Winner!

Build Orders: Hatch First 

Get SALT Encoding   

  12  0:01  Drone  
  13  0:13  Overlord  
  13  0:18  Drone  
  14  0:33  Drone x2  
  16  0:38  Drone  
  17  0:55  Hatchery  
  16  0:57  Drone  
  16  1:01  Drone  
  18  1:15  Spawning Pool  
  17  1:22  Drone  
  18  1:26  Drone  
  18  1:29  Drone  
  20  1:34  Extractor  
  19  1:40  Drone  
  20  1:52  Drone  
  22  2:01  Drone  
  22  2:06  Queen x2  
  22  2:07  Zergling x2  
  27  2:12  Drone  
  28  2:18  Overlord  
  28  2:28  Overlord  
  28  2:34  Metabolic Boost  
  28  2:38  Drone x2  
  28  2:40  Drone  
  31  2:44  Queen  
  31  2:47  Drone  
  31  2:50  Drone  
  35  2:55  Drone  
  36  3:02  Drone  
  36  3:05  Drone  
  37  3:07  Baneling Nest  
  37  3:12  Drone  
  37  3:17  Overlord  
  37  3:18  Drone x3  
  37  3:19  Drone x2  
  42  3:26  Roach Warren  
  41  3:27  Extractor  
  41  3:31  Overlord  
  41  3:33  Drone  
  41  3:39  Zergling x4  
  43  3:45  Spine Crawler  
  43  3:47  Zergling x6  
  43  3:48  Zergling x2  
  48  3:55  Zergling x6  
  48  3:58  Baneling x2  
  47  4:04  Overlord  
  47  4:05  Roach  
  49  4:10  Roach x2  
  53  4:20  Roach x3  
  59  4:24  Overlord  
  59  4:35  Roach x4  
  67  4:39  Overlord  
  67  4:50  Overlord  
  67  4:55  Roach x4  
  67  4:59  Baneling x4  
  75  5:00  Baneling  
  75  5:06  Zergling x4  
  76  5:21  Zergling x8  
  76  5:22  Zergling x4  
  76  5:26  Zergling x2  
  76  5:27  Zergling x4  
Tags
 
Add a new tag
Caveats
  • Supply blocks, unpowered buildings, or Contaminate may cause inaccurate times.
  • Supply counts are checked every 10 seconds.